AoeStats
← βolacha

Golden Pit

508520052Analyzed
1v1 RM · 10d ago on Sep 22, 2026· 36m 6s· 2 players
Game mode
Random Map
Map size
Tiny (2 player)
Population
200
Speed
Normal
Resources
Standard
Victory
Conquest
Starting age
Dark Age
Ending age
Imperial Age
RankedLock teamsTeams togetherTeam positionsShared explorationLock speedFull tech treeHidden civsTurbo modeCheats
Victory
Defeat
🇧🇷 Franks · Brazil
916
+15
🇧🇷 Sicilians · Brazil
892
-15
ederadriano01
3:51 Loom
13:31 Feudal Age
15:49 Double-Bit Axe
16:38 Horse Collar
18:51 Town Watch
23:06 Castle Age
24:32 Pikeman
31:50 Fletching
34:33 Wheelbarrow
βolacha
9:04 Loom
11:11 Feudal Age
16:14 Castle Age
14:10 Double-Bit Axe
21:18 Forging
22:27 Scale Barding Armor
23:48 Bow Saw
23:31 Stone Mining
23:32 Gold Mining
30:47 Imperial Age
28:54 Husbandry
31:19 Iron Casting
32:48 Cavalier
Connection lost

Rejoining the realm…

Still unreachable

The connection could not be restored.

Session expired

The server has moved on; the page needs a fresh start.